 Dungeon Crawl Stone Soup version 0.31-a0-198-g2ad674f65e (webtiles) character file.

Game seed: 15019354463463876519

42 qw the Shooter (level 3, 0/20 HPs)
             Began as a Deep Elf Hunter on June 25, 2023.
             Succumbed to their own poison gas
             ... on level 2 of the Dungeon.
             The game lasted 00:00:16 (600 turns).

qw the Shooter (Deep Elf Hunter)                     Turns: 600, Time: 00:00:17

Health: 0/20       AC:  5    Str: 10    XL:     3   Next: 35%
Magic:  5/5        EV: 11    Int: 13    God:
Gold:   20         SH:  0    Dex: 18    Spells: 2/2 levels left

rFire   . . .        Y - +0 shortbow
rCold   . . .        (shield currently unavailable)
rNeg    . . .        f - +0 ring mail
rPois   .            (no helmet)
rElec   .            (no cloak)
rCorr   .            (no gloves)
SInv    .            (no boots)
Will    .....        i - amulet of faith
Stlth   +            (no ring)
HPRegen 0.23/turn    (no ring)
MPRegen 0.09/turn

%: faith
@: lethally poisoned (0 -> -7), weak-willed
A: no striking features
a: no special abilities


You were on level 2 of the Dungeon.
You visited 1 branch of the dungeon, and saw 2 of its levels.

You collected 20 gold pieces.


   Skills:
 - Level 1.5 Fighting
 + Level 6.9 Ranged Weapons
 - Level 2.4 Dodging
 - Level 1.2 Stealth


You had 2 spell levels left.
You didn't know any spells.
Your spell library was empty.

Inventory:

Hand Weapons
 Y - a +0 shortbow (weapon)
Armour
 f - a +0 ring mail (worn)
Jewellery
 i - an amulet of faith (around neck)
Scrolls
 j - a scroll of identify
Potions
 a - a potion of degeneration {unknown}
 c - a potion of haste {unknown}

Dungeon Overview and Level Annotations

Branches:
Dungeon (2/15)

Altars:


Message History

Enter note:
589 ||| READING scroll labelled PUCWIV KUAZU.
As you read the scroll labelled PUCWIV KUAZU, it crumbles to dust.
It is a scroll of amnesia.
You feel forgetful for a moment.
590 ||| READING scroll labelled TYOLEA WASY.
The air fills with toxic fumes!
As you read the scroll labelled TYOLEA WASY, it crumbles to dust.
It was a scroll of poison.
591 ||| READING scroll labelled IDIG HUESECW.
As you read the scroll labelled IDIG HUESECW, it crumbles to dust.
You hear a loud clanging noise!
It was a scroll of noise.
You hear an angry hiss.
You hear a shout! x3
592 ||| READING 2 scrolls labelled MORAIF LEWK.
As you read the scroll labelled MORAIF LEWK, it crumbles to dust.
Magic quickly surges around you.
It was a scroll of vulnerability.
593 ||| READING 2 scrolls labelled NOPNOBB USCHAISH.
As you read the scroll labelled NOPNOBB USCHAISH, it crumbles to dust.
It is a scroll of identify.
Really abort (and waste the scroll)?
594 ||| DROPPING scroll of butterflies.
You drop a scroll of butterflies.
595 ||| DROPPING scroll of vulnerability.
You drop a scroll of vulnerability.
(D) Dungeon
Where to? (* - list waypoints, ? - help)
What level of the Dungeon? (default 1, ? - help) Sorry, I don't know how to get there.
Really walk into that cloud of poison gas?
You are engulfed in poison gas.
You are poisoned.
You feel very sick.
597 ||| Stepping ~*~*~tactically~*~*~ (cloud).
You feel very sick.
Things that are here:
a scroll of vulnerability; a scroll of butterflies
There is a lethal amount of poison in your body!
You feel very sick.
There is a lethal amount of poison in your body!
You feel sick.
There is a lethal amount of poison in your body!
You die...

#.# #.# #<# #.#
#.##########.#####
#............00¤.#####
##########...#0¤......
#.###.#.##### #.# #0#
# #.###0#.# #.#0¤@¤¤#
#.#¤000¤# #.#¤¤¤0¤¤¤>
#.#¤¤¤¤0###.. #..¤0¤¤
####0### 0# .#


There were no monsters in sight!

Vanquished Creatures
  2 adders (D:2)
  A worm (D:2)
  A dart slug (D:1)
  A ball python (D:1)
  A bat (D:1)
  An endoplasm (D:1)
  A giant cockroach (D:1)
  2 goblins (D:1)
  4 hobgoblins (D:1)
  A kobold (D:1)
  2 quokkas (D:1)
17 creatures vanquished.

Notes
Turn   | Place    | Note
-------+----------+-------------------------------------------
     0 | D:1      | qw the Deep Elf Hunter began the quest for the Orb.
     0 | D:1      | Reached XP level 1. HP: 12/12 MP: 3/3
     0 | D:1      | 0 ||| qw: Version: 0.3-a-22-g0ed2b0b
     0 | D:1      | 0 ||| qw: Game counter: 5472
     0 | D:1      | 0 ||| qw: Melee chars always use a shield: true
     0 | D:1      | 0 ||| qw: God list: Okawaru
     0 | D:1      | 0 ||| qw: Allow faded altars: false
     0 | D:1      | 0 ||| qw: Do Orc after clearing Dungeon:15 true
     0 | D:1      | 0 ||| qw: Do second Lair branch before Depths: true
     0 | D:1      | 0 ||| qw: Lair rune preference: random
     0 | D:1      | 0 ||| qw: Goals: Normal
     0 | D:1      | 0 ||| PLANNING D:1-11
   139 | D:1      | Reached skill level 6 in Ranged Weapons
   139 | D:1      | Reached XP level 2. HP: 16/16 MP: 4/4
   397 | D:1      | You fall into a shaft and drop 1 floor!
   398 | D:2      | 398 ||| UPGRADING to +0 ring mail.
   408 | D:2      | 408 ||| DROPPING +0 leather armour.
   409 | D:2      | 409 ||| UPGRADING to amulet of faith.
   414 | D:2      | 414 ||| READING scroll labelled KEEJAH DEUMMY.
   436 | D:2      | Reached XP level 3. HP: 14/20 MP: 5/5
   438 | D:2      | HP: 5/20 [worm (10)]
   589 | D:2      | 589 ||| READING scroll labelled PUCWIV KUAZU.
   590 | D:2      | 590 ||| READING scroll labelled TYOLEA WASY.
   591 | D:2      | 591 ||| READING scroll labelled IDIG HUESECW.
   592 | D:2      | 592 ||| READING 2 scrolls labelled MORAIF LEWK.
   593 | D:2      | 593 ||| READING 2 scrolls labelled NOPNOBB USCHAISH.
   594 | D:2      | 594 ||| DROPPING scroll of butterflies.
   595 | D:2      | 595 ||| DROPPING scroll of vulnerability.
   597 | D:2      | 597 ||| Stepping ~*~*~tactically~*~*~ (cloud).
   598 | D:2      | HP: 3/20 [poisoned by you (poison gas)]
   600 | D:2      | Succumbed to their own poison gas

Levels and vault maps discovered:
D:1:      mrwooster_arrival_statue_3, layout_basic, minmay_octomino_j4
D:2:      layout_loops_ring, hellmonk_ecumenical_altar_heavens_door,
          uniq_terence, uniq_crazy_yiuf_cottage

Skill      XL: |  1 |
---------------+----+-----
Ranged Weapons | 6 |  6.9
Fighting       | |  1.5
Dodging        | |  2.4
Stealth        | |  1.2

Action                     || total
---------------------------++-------
   Fire: Shortbow          ||    61
    Use: Scroll            ||     6
 Armour: Leather armour    ||     1
         Ring mail         ||     8
  Dodge: Dodged            ||    17

Table legend:
 A = Non-vault XP
 B = Vault XP
 C = Vault XP percentage of total XP
 D = Non-vault monster count
 E = Vault monster count
 F = Vault count percentage of total count
                 A         B        C        D         E       F
            +---------+---------+-------+---------+---------+-------
      Total |      55 |       6 |   9.8 |      14 |       3 |  17.6
            +---------+---------+-------+---------+---------+-------
        D:1 |      24 |       6 |  20.0 |      11 |       3 |  21.4
        D:2 |      31 |       0 |   0.0 |       3 |       0 |   0.0
            +---------+---------+-------+---------+---------+-------
